AoeStats
← antoinedeutsch

Arabia

509321056Analyzed
1v1 RM · 5d ago on Sep 26, 2026· 17m 14s· 2 players
Game mode
Random Map
Map size
Tiny (2 player)
Population
200
Speed
Normal
Resources
Standard
Victory
Conquest
Starting age
Dark Age
Ending age
Imperial Age
RankedLock teamsTeams togetherTeam positionsShared explorationLock speedFull tech treeHidden civsTurbo modeCheats
Victory
Defeat
🇫🇷 Huns · France
415
+15
🇳🇱 Franks · Netherlands
388
-15
kawaiimanou
11:36 Feudal Age
13:08 Wheelbarrow
12:46 Double-Bit Axe
antoinedeutsch
7:57 Loom
10:40 Feudal Age
12:20 Double-Bit Axe
12:18 Horse Collar
14:21 Wheelbarrow
16:37 Forging
Connection lost

Rejoining the realm…

Still unreachable

The connection could not be restored.

Session expired

The server has moved on; the page needs a fresh start.